 Dungeon Crawl Stone Soup version 0.30-a0-141-g30f27751c5 (webtiles) character file.

Game seed: 11463748112329323799

107 qw the Chopper (level 4, -3/28 HPs)
             Began as a Gargoyle Fighter on Sept 25, 2022.
             Killed from afar by Sigmund (9 damage)
             ... with a magic dart
             ... on level 3 of the Dungeon.
             The game lasted 00:00:58 (2301 turns).

qw the Chopper (Gargoyle Fighter)                   Turns: 2301, Time: 00:00:59

Health: -3/28      AC: 11    Str: 21    XL:     4   Next: 85%
Magic:  4/4        EV:  9    Int:  9    God:
Gold:   11         SH:  4    Dex:  9    Spells: 3/3 levels left

rFire   . . .      SeeInvis .    g - +2 hand axe (vamp)
rCold   . . .      Faith    .    c - +0 buckler
rNeg    + . .      Spirit   .    b - +0 scale mail
rPois   inf        Reflect  .    (no helmet)
rElec   +          Harm     .    (no cloak)
rCorr   .          Rampage  .    j - +0 pair of gloves
Will    .....                    (no boots)
Stlth   ..........               (no amulet)
HPRegen 0.09/turn                (no ring)
MPRegen 0.09/turn                (no ring)

@: no status effects
A: sickness immunity, AC +3, negative energy resistance 1, electricity
resistance, torment resistance 1, petrification resistance
a: no special abilities


You were on level 3 of the Dungeon.
You visited 1 branch of the dungeon, and saw 3 of its levels.

You collected 71 gold pieces.
You spent 60 gold pieces at shops.


Innate Abilities, Weirdness & Mutations

You are immune to sickness and miasma.
Your stone body is resilient. (AC +3)
You are immune to poison.
You resist negative energy. (rN+)
You are resistant to electric shocks. (rElec)
You are resistant to unholy torment.
You are immune to petrification.


   Skills:
 - Level 3.2 Fighting
 + Level 4.4 Axes
 - Level 3.2 Armour
 - Level 3.2 Shields


You had 3 spell levels left.
You didn't know any spells.
Your spell library was empty.

Inventory:

Hand Weapons
 g - a +2 vampiric hand axe (weapon)
 h - a +0 war axe
 i - a +0 whip
Armour
 b - a +0 scale mail (worn)
 c - a +0 buckler (worn)
 j - a +0 pair of gloves (worn)
Jewellery
 l - a ring of wizardry
Scrolls
 a - a scroll of identify
 m - 2 scrolls of teleportation
Potions
 d - a potion of might
 f - a potion of lignification {unknown}
 k - a potion of heal wounds {unknown}

Dungeon Overview and Level Annotations

Branches:
Dungeon (3/15)

Altars:

Shops:
D:3 ?

Annotations:
D:3 Sigmund


Message History

Something hits you!
You're too confused to attack without stumbling around!
There is a strange disturbance nearby!
Something hits you but does no damage.
You're too confused to attack without stumbling around!
There is a strange disturbance nearby!
You're too confused to attack without stumbling around!
There is a strange disturbance nearby!
You feel less confused. Something hits you!
You swing at nothing.
Something hits you but does no damage.
You swing at nothing.
Something hits you but does no damage.
You swing at nothing.
You swing at nothing.
Something hits you but does no damage.
You swing at nothing.
Something hits you but does no damage.
You swing at nothing.
Something hits you but does no damage.
You swing at nothing.
You swing at nothing.
You hear some strange, mumbled words.
Something tries to affect you, but you resist.
You swing at nothing.
Something hits you but does no damage.
You swing at nothing.
Something hits you but does no damage.
You swing at nothing.
You block something's attack.
You swing at nothing.
You swing at nothing.
Something hits you.
You swing at nothing.
Sigmund appears from thin air!
Reactivating autopickup.
Sigmund points at you and mumbles some strange words.
The magic dart hits you!
You die...

### ##.## ##.#.#########
# #.###......... ...
##.#(#########
###..########.## #
.....@.@......##########
###..#######.........##.
... ##.######.### # #.#
#.# # #.# #.# #.# #^#
#.# #.# #.# #.# ..# #.#


You could see Sigmund.

Vanquished Creatures
  4 adders
  3 dart slugs
  5 orcs (D:2)
  3 endoplasms
  4 giant cockroaches
  3 goblins
  4 hobgoblins
  4 jackals (D:1)
  3 quokkas (D:1)
  5 ball pythons
  5 bats
  4 frilled lizards
  6 kobolds
  8 rats
61 creatures vanquished.

Vanquished Creatures (others)
  6 plants (D:1)
6 creatures vanquished.

Grand Total: 67 creatures vanquished

Notes
Turn   | Place    | Note
-------+----------+-------------------------------------------
     0 | D:1      | qw the Gargoyle Fighter began the quest for the Orb.
     0 | D:1      | Reached XP level 1. HP: 14/14 MP: 1/1
     0 | D:1      | 0 ||| qw: Version: 0.2-a-10-g399e6c4
     0 | D:1      | 0 ||| qw: Game counter: 131
     0 | D:1      | 0 ||| qw: Always use a shield: true
     0 | D:1      | 0 ||| qw: God list: Okawaru
     0 | D:1      | 0 ||| qw: Allow faded altars: false
     0 | D:1      | 0 ||| qw: Do Orc after D:15 true
     0 | D:1      | 0 ||| qw: Do second Lair branch before Depths: true
     0 | D:1      | 0 ||| qw: Lair rune preference: random
     0 | D:1      | 0 ||| qw: Plans: Normal, Zot:1-4, God:TSO, Crypt, Tomb,
                  | Pan, Slime:5, Hells, Abyss, Orb
     0 | D:1      | 0 ||| PLANNING D:1-11
    24 | D:1      | Reached skill level 2 in Axes
   100 | D:1      | 100 ||| Stepping ~*~*~tactically~*~*~ (stealth).
   107 | D:1      | Reached XP level 2. HP: 14/19 MP: 2/2
   153 | D:1      | 153 ||| Stepping ~*~*~tactically~*~*~ (stealth).
   562 | D:1      | Found a faded altar of an unknown god.
   639 | D:1      | Reached skill level 3 in Axes
   662 | D:1      | 662 ||| Stepping ~*~*~tactically~*~*~ (hiding).
   677 | D:1      | Reached XP level 3. HP: 22/23 MP: 3/3
  1054 | D:1      | 1054 ||| READING scroll labelled KONUIKHLILLE.
  1055 | D:1      | 1055 ||| READING scroll labelled EVEVEFF QOORR.
  1056 | D:1      | 1056 ||| READING scroll labelled WEANUP XETWE.
  1097 | D:2      | 1097 ||| Stepping ~*~*~tactically~*~*~ (stealth).
  1305 | D:2      | 1305 ||| Stepping ~*~*~tactically~*~*~ (stealth).
  1306 | D:2      | 1306 ||| Stepping ~*~*~tactically~*~*~ (stealth).
  1314 | D:2      | 1314 ||| SWAPPING to +1 vampiric hand axe.
  1321 | D:2      | 1321 ||| Stepping ~*~*~tactically~*~*~ (stealth).
  1330 | D:2      | 1330 ||| Stepping ~*~*~tactically~*~*~ (stealth).
  1331 | D:2      | 1331 ||| Stepping ~*~*~tactically~*~*~ (stealth).
  1341 | D:2      | Reached XP level 4. HP: 24/28 MP: 4/4
  1349 | D:2      | 1349 ||| Stepping ~*~*~tactically~*~*~ (stealth).
  1367 | D:2      | Reached skill level 4 in Axes
  1500 | D:2      | 1500 ||| Stepping ~*~*~tactically~*~*~ (stealth).
  1599 | D:2      | 1599 ||| Stepping ~*~*~tactically~*~*~ (stealth).
  1776 | D:2      | 1776 ||| UPGRADING to +0 pair of gloves.
  1781 | D:2      | 1781 ||| READING 2 scrolls labelled SOAL ECVEUF.
  1782 | D:2      | 1782 ||| READING scroll of enchant weapon.
  1782 | D:2      | 1782 ||| ENCHANTING +1 vampiric hand axe.
  1783 | D:2      | 1783 ||| READING 2 scrolls of identify.
  1783 | D:2      | 1783 ||| IDENTIFYING fizzy orange potion
  2026 | D:3      | Found Fomoek's Magic Scroll Shop.
  2080 | D:3      | 2080 ||| Stepping ~*~*~tactically~*~*~ (hiding).
  2128 | D:3      | 2128 ||| SHOPLISTING scroll of brand weapon (95 gold, have
                  | 71).
  2128 | D:3      | 2128 ||| BUYING scroll of teleportation (30 gold).
  2128 | D:3      | Bought a scroll of teleportation for 30 gold pieces
  2128 | D:3      | 2128 ||| BUYING scroll of teleportation (30 gold).
  2128 | D:3      | Bought a scroll of teleportation for 30 gold pieces
  2128 | D:3      | 2128 ||| SHOPLISTING scroll of teleportation (30 gold, have
                  | 11).
  2264 | D:3      | Noticed Sigmund
  2268 | D:3      | 2268 ||| DRINKING potion of curing.
  2268 | D:3      | 2268 ||| (to cure confusion)
  2300 | D:3      | HP: 5/28 [something (4)]
  2301 | D:3      | Killed from afar by Sigmund

Levels and vault maps discovered:
D:1:      eino_arrival_tree_alley, layout_loops_ring,
          dreamdust_ecumenical_altar_statues
D:2:      layout_basic, hangedman_decor_clover_reticule,
          chequers_hall_statues_y, chequers_serial_rivers_large_a
D:3:      layout_loops_ring, nicolae_overflow_hidden_temple, serial_shops,
          nicolae_shop_window_shopping, uniq_sigmund

Skill      XL: |  1  2  3  4 |
---------------+-------------+-----
Axes           | 2 3 4 |  4.4
Fighting       | |  3.2
Armour         | |  3.2
Shields        | |  3.2

Action                   |  1- 3 |  4- 6 || total
-------------------------+-------+-------++-------
Melee: War axe           |    97 |       ||    97
       Hand axe          |    10 |    67 ||    77
  Use: Scroll            |     3 |     3 ||     6
       Potion            |       |     1 ||     1
 Stab: Distracted        |       |     1 ||     1
Armor: Scale mail        |    52 |    33 ||    85
Dodge: Dodged            |    52 |    28 ||    80
Block: Buckler           |    17 |    15 ||    32

Table legend:
 A = Non-vault XP
 B = Vault XP
 C = Vault XP percentage of total XP
 D = Non-vault monster count
 E = Vault monster count
 F = Vault count percentage of total count
                 A         B        C        D         E       F
            +---------+---------+-------+---------+---------+-------
      Total |     153 |       0 |   0.0 |      61 |       0 |   0.0
            +---------+---------+-------+---------+---------+-------
        D:1 |      47 |       0 |   0.0 |      27 |       0 |   0.0
        D:2 |      75 |       0 |   0.0 |      22 |       0 |   0.0
        D:3 |      31 |       0 |   0.0 |      12 |       0 |   0.0
            +---------+---------+-------+---------+---------+-------
